 Dungeon Crawl Stone Soup version 0.23.2-11-gf996548c65 (webtiles) character file.

Game seed: 8386798858140961543

91679 Kobolds4U the Fighter (level 15, -3/139 HPs)
             Began as a Minotaur Berserker on June 3, 2019.
             Was the Champion of Trog.
             Drowned by a drowned soul (13 damage)
             ... summoned by a merfolk avatar
             ... on level 6 of the Lair of Beasts.
             The game lasted 01:21:37 (23966 turns).

Kobolds4U the Fighter (Minotaur Berserker)         Turns: 23966, Time: 01:21:38

Health: -3/139     AC: 31    Str: 28    XL:     15   Next: 55%
Magic:  18/18      EV: 15    Int: 11    God:    Trog [******]
Gold:   1292       SH:  0    Dex: 15    Spells: 14/14 levels left

rFire    . . .     SeeInvis .   a - +5 demon blade (venom)
rCold    . . .     Gourm    .   (no shield)
rNeg     . . .     Faith    +   V - +2 plate armour of Tulips {MR- Str+2 Int+7}
rPois    .         Spirit   .   F - +2 hat
rElec    .         Reflect  .   w - +2 cloak
rCorr    .         Harm     .   J - +2 pair of gloves
MR       +....                  n - +2 pair of boots
Stlth    ..........             A - amulet of faith
HPRegen  0.33/turn              H - ring of protection from magic
MPRegen  0.16/turn              o - +3 ring of strength

@: mesmerised, very slow
A: retaliatory headbutt, horns 2
a: Berserk, Trog's Hand, Brothers in Arms, Renounce Religion


You were on level 6 of the Lair of Beasts.
You worshipped Trog.
Trog was exalted by your worship.
You were not hungry.

You visited 4 branches of the dungeon, and saw 23 of its levels.
You also visited: Bailey.

You collected 3017 gold pieces.
You spent 1725 gold pieces at shops.

Inventory:

Hand Weapons
 a - a +5 demon blade of venom (weapon)
 b - a +6 longbow of velocity
 c - the +10 shortbow of Defence {venom, rPois rF+ Str-2}
   (Trog gifted it to you on level 2 of the Orcish Mines)

   It poisons the ammo it fires.
   It affects your strength (-2).
   It protects you from fire.
   It protects you from poison.
Missiles
 k - 427 arrows
Armour
 n - a +2 pair of boots (worn)
 w - a +2 cloak (worn)
 D - the +3 robe of Clouds {+Thunder rCloud rElec}
   (You found it on level 6 of the Dungeon)

   It insulates you from electricity.
 F - a +2 hat (worn)
 J - a +2 pair of gloves (worn)
 S - the +0 buckler "Yqanamye" {Int-3 Dex+8}
   (You found it on level 6 of the Dungeon)

   It affects your intelligence (-3).
   It affects your dexterity (+8).
 V - the +2 plate armour of Tulips (worn) {MR- Str+2 Int+7}
   (You bought it in a shop on level 2 of the Orcish Mines)

   It affects your strength (+2).
   It affects your intelligence (+7).
   It affects your resistance to hostile enchantments.
 X - a scarf of cloud immunity
 Y - a scarf of repulsion
Jewellery
 i - the ring of Scepticism {Fire +Inv rN+ Int+3}
   (You acquired it on level 10 of the Dungeon)

   [ring of fire]

   It enhances your fire magic.
   It affects your intelligence (+3).
   It protects you from fire.
   It makes you vulnerable to cold.
   It protects you from negative energy.
   It lets you turn invisible.
 o - a +3 ring of strength (right hand)
 u - a +4 ring of intelligence
 z - an uncursed ring of positive energy
 A - an amulet of faith (around neck)
 H - a ring of protection from magic (left hand)
 O - an uncursed ring of ice
 Q - an uncursed ring of see invisible
 Z - an uncursed amulet of harm
Wands
 j - a wand of enslavement (18)
 y - a wand of polymorph (12)
 B - a wand of iceblast (7)
 L - a wand of acid (8)
 R - a wand of paralysis (18)
 U - a wand of disintegration (30)
Scrolls
 e - 2 scrolls of fog
 f - 12 scrolls of remove curse
 h - 4 scrolls of fear
 q - a scroll of enchant armour
 t - 2 scrolls of identify
 G - 6 scrolls of teleportation
 M - a scroll of blinking
 P - a scroll of magic mapping
Potions
 d - 2 potions of ambrosia
 g - 4 potions of berserk rage
 m - 5 potions of flight
 p - 6 potions of heal wounds
 r - 6 potions of agility
 v - 3 potions of curing
 x - 2 potions of might
 C - 2 potions of mutation
 E - 2 potions of lignification
 I - 2 potions of haste
 T - a potion of resistance
Comestibles
 l - 42 rations
 s - 11 chunks of flesh


   Skills:
 * Level 14.6 Fighting
 - Level 14.0 Long Blades
 - Level 11.0 Bows
 + Level 14.3 Armour
 - Level 12.0 Dodging
 - Level 10.0 Shields
 - Level 6.0 Evocations


You had 14 spell levels left.
You didn't know any spells.
Your spell library was empty.

Dungeon Overview and Level Annotations

Branches:
Dungeon (15/15)            Temple (1/1) D:4            Lair (4/6) D:11
  Swamp (0/4) Lair:2       Spider (0/4) Lair:2          Orc (2/2) D:10
    Elf (0/3) Orc:2        Vaults (0/5) D:13         Depths (0/5) D:15

Altars:
Ashenzari
Cheibriados
Dithmenos
Elyvilon
Fedhas
Gozag
Hepliaklqana
Kikubaaqudgha
Makhleb
Nemelex Xobeh
Okawaru
Qazlal
Ru
Sif Muna
Trog
Uskayaw
Vehumet
Wu Jian
Xom
Yredelemnul
Zin
The Shining One
Beogh

Shops:
D:5 }   D:10 [%!   D:11 (   Orc:2 }:*=[

Annotations:
D:12 3 runed translucent doors, Brecoman's ghost, journeyman DrCj
D:14 exclusion: obsidian statue
D:15 Kirke
Lair:2 2 transporters, Puolop's ghost, journeyman MiFi


Innate Abilities, Weirdness & Mutations

You reflexively headbutt those who attack you in melee.
You have a pair of horns on your head.


Message History

The merfolk avatar chants its luring song. x2
You see here a rapier.
You hit the merfolk avatar.
Your headbutt misses the merfolk avatar.
The merfolk avatar is moderately wounded.
The drowned soul touches you. The drowned soul drowns you!
* * * LOW HITPOINT WARNING * * *
You hit the merfolk avatar but do no damage.
The merfolk avatar looks as sick as possible!
The merfolk avatar is moderately wounded.
The drowned soul touches you. The drowned soul drowns you!
* * * LOW HITPOINT WARNING * * *
The drowned soul touches you. The drowned soul drowns you!
* * * LOW HITPOINT WARNING * * *
Your unstable footing causes you to fumble your attack.
The merfolk avatar chants its luring song.
You closely miss the merfolk avatar.
The merfolk avatar is moderately wounded.
The drowned soul touches you. The drowned soul drowns you!
You die...

#.##≈####################≈.#≈≈#
##...≈.≈≈.#8P≈≈≈≈≈≈≈8#8≈≈#P.#.##
#.≈≈(≈≈≈≈≈#≈≈≈≈≈≈≈≈≈≈#≈≈≈≈≈≈≈≈#.
##.≈≈≈P≈(≈#≈≈PP≈≈≈≈≈≈#≈≈≈#≈≈≈≈.#
##...#≈≈≈≈≈#≈≈≈≈≈P≈≈≈≈#≈≈≈#≈#....
#.PP##≈#≈#≈(≈≈≈)?!}P≈≈≈≈≈P#≈##≈..
#.≈≈≈PP≈≈#≈.≈≈≈$≈≈:≈≈≈≈≈8≈≈P≈≈.≈.
.#..≈≈≈P≈≈#.≈≈(!m≈/≈≈≈≈≈8≈≈≈≈≈≈..
....#.≈.≈≈≈#≈≈([@[!≈P≈≈≈P≈.≈#.≈P#
...P.#≈≈≈≈≈#≈≈≈≈P≈≈≈≈≈#≈≈P.≈##≈##
....≈≈≈≈≈≈≈#≈≈≈##≈≈≈≈≈#≈≈≈#≈≈≈≈#.
...≈≈P≈≈P≈≈#≈≈≈≈≈≈≈≈≈≈#≈P≈≈≈≈÷..#
...≈##P#≈≈≈#8≈≈≈≈≈≈≈≈8#8≈≈#≈.#...
.....#≈########..##########≈##≈..
....≈≈≈≈≈≈≈≈≈≈≈P≈≈ ≈≈≈≈≈≈≈...
...≈≈≈≈≈≈≈≈≈≈≈≈≈≈≈ ≈P≈≈≈≈≈≈≈...
....#.≈P#.≈≈#.≈P# ≈≈ #≈≈##≈≈#....


You could see a merfolk avatar.

Vanquished Creatures
  Jorgrun (D:14)
  A dire elephant (Lair:6)
  An ettin (D:15)
  3 vault guards (D:13)
  2 hydras
  2 centaur warriors (D:15)
  Erica (D:11)
  2 two-headed ogres
  An orc high priest (Orc:2)
  3 death yaks
  Sonja (D:11)
  An unseen horror (D:10)
  A deep troll (D:15)
  A deep elf archer (D:15)
  Pikel (D:6)
  A lindwurm (Lair:6)
  A wizard (D:14)
  4 orc sorcerers (Orc:2)
  4 ugly things (D:14)
  2 cyclopes
  15 elephants
  5 black mambas
  8 spiny frogs
  Psyche (D:8)
  3 centaur skeletons
  8 rime drakes
  9 komodo dragons
  9 trolls
  2 polar bears
  2 wind drakes (Lair:6)
  9 blink frogs
  A hornet (Lair:6)
  2 bog bodies (Lair:2)
  Prince Ribbit (D:9)
  A dream sheep (Lair:6)
  6 hippogriffs
  Sigmund (D:6)
  5 wyverns
  3 hogs (D:15)
  2 basilisks
  31 yaks
  6 hungry ghosts
  A steam dragon (D:8)
  2 wargs (Orc:1)
  An acid dragon (D:13)
  A soldier ant (D:13)
  Duvessa (D:4)
  21 water moccasins
  3 porcupines
  2 black bears
  19 orc warriors
  A hornet zombie (D:13)
  5 ice beasts
  4 phantoms
  An eye of draining (D:8)
  2 sky beasts
  16 ogres
  2 necrophages
  11 centaurs
  13 crocodiles
  12 bullfrogs
  Blork the orc (D:6)
  9 big kobolds
  An elf skeleton (D:8)
  An elf zombie (D:8)
  Dowan (D:4)
  A wyvern zombie (D:8)
  A wyvern skeleton (D:12)
  A water moccasin skeleton (D:6)
  8 scorpions
  A troll zombie (D:10)
  28 killer bees
  4 howler monkeys
  14 wights
  4 vampire bats (Lair:1)
  3 electric eels (D:11)
  4 crimson imps
  2 centaur zombies
  A quasit (D:14)
  7 hounds
  5 human zombies (D:8)
  3 jellies
  Crazy Yiuf (D:2)
  23 orc priests
  29 orc wizards
  2 bullfrog skeletons (D:11)
  A human skeleton (D:8)
  2 iguanas
  9 worker ants
  A killer bee zombie (D:8)
  7 ogre zombies (D:10)
  2 hound skeletons
  A hound zombie (D:5)
  A mummy (D:8)
  2 worker ant zombies
  18 gnolls
  13 adders
  4 shadow imps
  2 adder zombies
  2 adder skeletons
  A worm (D:4)
  4 dart slugs
  7 leopard geckos
  58 orcs
  A ball python (D:3)
  10 bats
  4 giant cockroaches
  8 hobgoblins
  5 jackals
  39 kobolds
  4 quokkas
  A frilled lizard (D:3)
  9 goblins
  A goblin skeleton (D:10)
  2 goblin zombies (D:10)
  2 hobgoblin skeletons (D:10)
  2 hobgoblin zombies (D:10)
  A jackal skeleton (D:5)
  A jackal zombie (D:6)
  5 orc skeletons (D:10)
  14 orc zombies
  A quokka skeleton (D:4)
  A quokka zombie (D:7)
  6 rats
  A spectral orc (D:4)
  A fungus (Lair:2)
691 creatures vanquished.

Vanquished Creatures (collateral kills)
  A centaur warrior (D:13)
  A vault guard (D:13)
  A tengu warrior (D:13)
  A two-headed ogre (D:13)
  10 elephants (Lair:3)
  A komodo dragon (Lair:6)
  A slime creature (D:13)
  3 blink frogs (Lair:3)
  5 dream sheep (Lair:6)
  A basilisk (Lair:3)
  A water moccasin (Lair:6)
  2 bullfrogs (Lair:3)
28 creatures vanquished.

Vanquished Creatures (others)
  A slave (D:6)
  A human (D:6)
  A leopard gecko (D:6)
  An orc (Orc:2)
  3 bushes (D:14)
  5 fungi
  5 plants
17 creatures vanquished.

Grand Total: 736 creatures vanquished

Notes
Turn   | Place    | Note
-------+----------+-------------------------------------------
     0 | D:1      | Kobolds4U the Minotaur Berserker began the quest for the
                  | Orb.
     0 | D:1      | Reached XP level 1. HP: 19/19 MP: 0/0
    41 | D:1      | You fall through a shaft!
    50 | D:2      | Reached XP level 2. HP: 15/26 MP: 1/1
   840 | D:1      | Reached skill level 5 in Long Blades
  1001 | D:1      | Reached XP level 3. HP: 31/31 MP: 2/2
  1154 | D:2      | Found a runed translucent door.
  1155 | D:2      | Noticed Crazy Yiuf
  1198 | D:2      | Found a deep blue altar of Sif Muna.
  1406 | D:2      | Reached ** piety under Trog
  1613 | D:2      | Reached XP level 4. HP: 32/39 MP: 3/3
  1850 | D:2      | Killed Crazy Yiuf
  2434 | D:3      | Reached XP level 5. HP: 45/45 MP: 4/4
  2525 | D:3      | Found a radiant altar of Vehumet.
  3065 | D:3      | Reached XP level 6. HP: 30/51 MP: 5/5
  3233 | D:3      | Found a glowing golden altar of the Shining One.
  3440 | D:4      | Found a staircase to the Ecumenical Temple.
  3448 | Temple   | Entered the Ecumenical Temple
  4001 | D:4      | Reached *** piety under Trog
  4272 | D:4      | Reached XP level 7. HP: 60/60 MP: 6/6
  4280 | D:4      | Noticed Duvessa
  4280 | D:4      | Noticed Dowan
  4291 | D:4      | Killed Duvessa
  4293 | D:4      | Killed Dowan
  4293 | D:4      | Reached skill level 5 in Fighting
  4428 | D:4      | Got a pitted scale mail
  4439 | D:4      | Identified the +2 scale mail "Qept" {Int+2} (You found it
                  | on level 4 of the Dungeon)
  4673 | D:4      | Found a basalt altar of Yredelemnul.
  5000 | D:5      | Entered Level 5 of the Dungeon
  5086 | D:5      | Found Opy Ripp's Gadget Boutique.
  5097 | D:5      | Reached skill level 10 in Long Blades
  5151 | D:5      | Found a white marble altar of Elyvilon.
  5167 | D:5      | Found a hide-covered altar of Uskayaw.
  5207 | D:5      | Reached XP level 8. HP: 64/70 MP: 7/7
  5565 | D:6      | Noticed Pikel
  5590 | D:6      | Killed Pikel
  5681 | D:6      | Noticed Blork the orc
  5692 | D:6      | Killed Blork the orc
  5758 | D:6      | Found the +3 robe of Clouds {+Thunder rCloud rElec}
  5810 | D:6      | Reached XP level 9. HP: 78/79 MP: 8/8
  5890 | D:6      | Noticed Sigmund
  5900 | D:6      | Killed Sigmund
  5933 | D:6      | Found an ancient bone altar of Kikubaaqudgha.
  6063 | D:6      | Got a jewelled buckler
  6072 | D:6      | Identified the cursed +0 buckler "Yqanamye" {Int-3 Dex+8}
                  | (You found it on level 6 of the Dungeon)
  6246 | D:6      | Reached skill level 1 in Shields
  6505 | D:7      | Reached **** piety under Trog
  6514 | D:7      | Found an ornate altar of the Wu Jian Council.
  6749 | D:7      | Reached skill level 5 in Armour
  6874 | D:7      | Found a shimmering altar of Xom.
  7292 | D:7      | You fall through a shaft!
  7759 | D:7      | Found a sparkling altar of Nemelex Xobeh.
  7818 | D:7      | Reached XP level 10. HP: 83/90 MP: 9/9
  8106 | D:8      | Noticed Psyche
  8116 | D:8      | Killed Psyche
  8602 | D:8      | Found a basalt altar of Yredelemnul.
  8608 | D:8      | Reached skill level 10 in Fighting
  8684 | D:8      | Reached ***** piety under Trog
  8688 | D:8      | Reached skill level 1 in Evocations
  9174 | D:9      | Noticed Prince Ribbit
  9587 | D:9      | Killed Prince Ribbit
  9976 | D:9      | Reached XP level 11. HP: 74/101 MP: 10/12
 10348 | D:10     | Entered Level 10 of the Dungeon
 10745 | D:10     | Found Pisidi's Food Emporium.
 10847 | D:10     | Received a gift from Trog
 10900 | D:10     | Found Oxoo's Armour Shoppe.
 10917 | D:10     | Noticed an unseen horror
 10918 | D:10     | Killed an unseen horror
 10922 | D:10     | Bought a scarf of repulsion for 168 gold pieces
 11024 | D:10     | Reached skill level 10 in Armour
 11024 | D:10     | Reached skill level 5 in Evocations
 11024 | D:10     | Reached XP level 12. HP: 115/115 MP: 13/15
 11025 | D:10     | Reached XP level 13. HP: 122/122 MP: 13/16
 11368 | D:10     | Found a staircase to the Orcish Mines.
 11575 | D:10     | Found Wozod's Distillery.
 11581 | D:10     | Bought a potion of haste for 150 gold pieces
 11581 | D:10     | Bought a potion of degeneration for 15 gold pieces
 11581 | D:10     | Bought a potion of lignification for 45 gold pieces
 11585 | D:10     | Identified a scroll of acquirement
 11586 | D:10     | Got a clouded silver ring
 11588 | D:10     | Identified the ring of Scepticism {Fire +Inv rN+ Int+3}
                  | (You acquired it on level 10 of the Dungeon)
 11848 | D:11     | Reached skill level 10 in Dodging
 12167 | D:11     | Noticed Sonja
 12173 | D:11     | Killed Sonja
 12194 | D:11     | Found a staircase to the Lair.
 12397 | D:11     | Noticed Erica
 12410 | D:11     | Killed Erica
 12506 | D:11     | Received a gift from Trog
 12905 | D:11     | Found Egeunk's Weapon Boutique.
 13349 | D:12     | Reached skill level 1 in Bows
 13414 | D:12     | Found a deep blue altar of Sif Muna.
 13576 | D:12     | Found a runed translucent gate.
 13576 | D:12     | Found a runed translucent gate.
 13576 | D:12     | Noticed Brecoman's ghost (journeyman DrCj)
 13577 | D:12     | Found a runed translucent gate.
 14570 | D:13     | Found a gate to the Vaults.
 14597 | D:13     | Received a gift from Trog
 14612 | D:13     | Reached skill level 5 in Bows
 14626 | D:13     | Got a fine halberd {god gift}
 14785 | D:13     | Reached XP level 14. HP: 132/132 MP: 17/17
 15675 | D:14     | Noticed Jorgrun
 15687 | D:14     | Killed Jorgrun
 16348 | D:15     | Entered Level 15 of the Dungeon
 16423 | D:15     | Received a gift from Trog
 16832 | D:15     | Identified the +10 halberd "Qutsaun" {holy, Dex+4} (Trog
                  | gifted it to you on level 13 of the Dungeon)
 16875 | D:15     | Found a staircase to the Depths.
 17164 | D:15     | Noticed Kirke
 17461 | Orc:1    | Entered Level 1 of the Orcish Mines
 17527 | Orc:1    | Found a flagged portal.
 17540 | Bailey   | Entered a bailey
 17663 | Bailey   | Found a bloodstained altar of Trog.
 17762 | Orc:2    | Entered Level 2 of the Orcish Mines
 18019 | Orc:2    | Received a gift from Trog
 18092 | Orc:2    | Got a smoking shortbow {god gift}
 18102 | Orc:2    | Identified the +10 shortbow of Defence {venom, rPois rF+
                  | Str-2} (Trog gifted it to you on level 2 of the Orcish
                  | Mines)
 18127 | Orc:2    | Found Lojon's Book Shoppe.
 18127 | Orc:2    | Found Mahuefon's Jewellery Emporium.
 18127 | Orc:2    | Found Poimn's Assorted Antiques.
 18372 | Orc:2    | Found Bamaades's Gadget Shoppe.
 18379 | Orc:2    | Bought a wand of paralysis (3) for 65 gold pieces
 18379 | Orc:2    | Bought a wand of paralysis (3) for 65 gold pieces
 18379 | Orc:2    | Bought a wand of enslavement (10) for 156 gold pieces
 18381 | Orc:2    | Bought a +4 ring of intelligence for 405 gold pieces
 18499 | Orc:2    | Found Aptor's Armour Shoppe.
 18500 | Orc:2    | Found a staircase to the Elven Halls.
 18507 | Orc:2    | Bought the +2 plate armour of Tulips {MR- Str+2 Int+7} for
                  | 656 gold pieces
 18716 | Orc:2    | Found a roughly hewn altar of Beogh.
 19085 | Orc:1    | Received a gift from Trog
 19437 | Lair:1   | Entered Level 1 of the Lair of Beasts
 20017 | Lair:1   | Reached skill level 5 in Shields
 20489 | Lair:2   | Found a hole to the Spider Nest.
 20665 | Lair:2   | Found a transporter.
 20667 | Lair:2   | Noticed Puolop's ghost (journeyman MiFi)
 20668 | Lair:2   | Found a transporter.
 20756 | Lair:2   | Found a staircase to the Swamp.
 21350 | Lair:3   | Received a gift from Trog
 21360 | Lair:3   | Reached skill level 10 in Bows
 21872 | Lair:3   | Reached XP level 15. HP: 138/138 MP: 18/18
 22950 | Lair:4   | You fall through a shaft for 2 floors!
 22950 | Lair:6   | Entered Level 6 of the Lair of Beasts
 22971 | Lair:6   | Received a gift from Trog
 23303 | Lair:6   | Reached skill level 10 in Shields
 23458 | Lair:6   | Received a gift from Trog
 23789 | Lair:6   | Reached ****** piety under Trog
 23966 | Lair:6   | Drowned by a drowned soul

Skill      XL: |  1  2  3  4  5  6  7  8  9 10 11 12 13 14 15 |
---------------+----------------------------------------------+-----
Long Blades    | 4 5 6 8 9 10 12 13 14 | 14.0
Fighting       | 4 5 7 8 10 13 14 | 14.6
Armour         | 4 6 8 10 13 14 | 14.3
Shields        | 4 7 10 | 10.0
Evocations     | 2 5 6 |  6.0
Dodging        | 9 11 12 | 12.0
Bows           | 5 10 11 | 11.0

Action                   |  1- 3 |  4- 6 |  7- 9 | 10-12 | 13-15 || total
-------------------------+-------+-------+-------+-------+-------++-------
Melee: Falchion          |    38 |   154 |   290 |   325 |       ||   807
       Headbutt          |     8 |    28 |    78 |   138 |   386 ||   638
       Demon blade       |       |       |       |    15 |  1091 ||  1106
       Unarmed           |       |       |       |       |     1 ||     1
 Fire: Longbow           |       |       |       |       |    52 ||    52
       Shortbow          |       |       |       |       |    14 ||    14
Invok: Berserk           |       |       |     4 |       |       ||     4
       Trog's Hand       |       |       |     3 |       |     3 ||     6
       Brothers in Arms  |       |       |       |       |     4 ||     4
  Use: Scroll            |       |    10 |     2 |     1 |    23 ||    36
       Potion            |       |     1 |       |     2 |     1 ||     4
  Eat: Chunk             |     2 |     9 |    16 |    10 |    40 ||    77
       Ration            |       |       |       |       |     2 ||     2
Armor: Animal skin       |     5 |       |       |       |       ||     5
       Ring mail         |       |     9 |       |       |       ||     9
       Chain mail        |       |    66 |     3 |       |       ||    69
       Scale mail        |       |       |    86 |    63 |       ||   149
       Plate armour      |       |       |       |    28 |   355 ||   383
Dodge: Dodged            |    32 |    93 |    97 |    90 |   512 ||   824
       Deflected         |       |       |       |       |    25 ||    25
Block: Buckler           |       |       |    22 |    58 |   229 ||   309
       Rpst.: Falchion   |    10 |    18 |    33 |    24 |       ||    85
       Demon blade       |       |       |       |     1 |   112 ||   113
